 Dungeon Crawl Stone Soup version 0.31-a0-188-g5e087ee2ca (webtiles) character file.

Game seed: 681524409394792178

18 qw the Shooter (level 2, 0/16 HPs)
             Began as a Deep Elf Hunter on June 23, 2023.
             Succumbed to their own poison gas
             ... on level 1 of the Dungeon.
             The game lasted 00:00:11 (724 turns).

qw the Shooter (Deep Elf Hunter)                     Turns: 724, Time: 00:00:12

Health: 0/16       AC:  3    Str:  8    XL:     2   Next: 48%
Magic:  4/4        EV: 17    Int: 13    God:
Gold:   38         SH:  0    Dex: 18    Spells: 1/1 levels left

rFire   . . .        Y - +0 shortbow
rCold   . . .        (shield currently unavailable)
rNeg    . . .        c - +0 leather armour
rPois   .            (no helmet)
rElec   .            (no cloak)
rCorr   .            (no gloves)
SInv    .            (no boots)
Will    .....        (no amulet)
Stlth   ++           h - +5 ring of evasion
HPRegen 0.22/turn    (no ring)
MPRegen 0.09/turn

%: no passive effects
@: lethally poisoned (0 -> -14)
A: no striking features
a: no special abilities


You were on level 1 of the Dungeon.
You visited 1 branch of the dungeon, and saw 1 of its levels.

You collected 38 gold pieces.


   Skills:
 - Level 1.5 Fighting
 + Level 6.3 Ranged Weapons
 - Level 2.4 Dodging
 - Level 1.2 Stealth


You had one spell level left.
You didn't know any spells.
Your spell library was empty.

Inventory:

Hand Weapons
 Y - a +0 shortbow (weapon)
Armour
 c - a +0 leather armour (worn)
Jewellery
 h - a +5 ring of evasion (left hand)
Scrolls
 e - a scroll of identify

Dungeon Overview and Level Annotations

Branches:
Dungeon (1/15)

Altars:


Message History

Blink to where?
Press: ? - help, Dir - move target, f - you Are you sure you want to cancel this blink?
As you read the scroll labelled SOBUHE CE HUC, it crumbles to dust.
It was a scroll of blinking.
Done exploring.
720 ||| READING scroll labelled BEQOOXKIWI.
The air fills with toxic fumes!
As you read the scroll labelled BEQOOXKIWI, it crumbles to dust.
It was a scroll of poison.
Done exploring.
721 ||| READING scroll labelled BAHOIFUYB.
As you read the scroll labelled BAHOIFUYB, it crumbles to dust.
You hear a loud clanging noise!
It was a scroll of noise.
Done exploring.
722 ||| DROPPING scroll of butterflies.
You drop a scroll of butterflies.
Done exploring.
(D) Dungeon
Where to? (* - list waypoints, ? - help)
What level of the Dungeon? (default 1, ? - help) Sorry, I don't know how to get there.
Enter note:
Enter note:
Enter note:
Enter note:
Enter note:
Enter note:
Enter note:
Enter note:
Enter note:
Enter note:
Enter note:
Enter note: Really walk into that cloud of poison gas?
You are engulfed in poison gas.
You are lethally poisoned!
Ouch! That really hurt!
You feel very sick.
724 ||| Stepping ~*~*~tactically~*~*~ (cloud).
You die...

#.# #######.........)....
#.# ##¤¤¤¤¤######### #.#
#¤¤¤¤¤¤.#
#.###########¤¤¤¤¤¤.#
#.......¤¤¤¤¤¤¤¤¤¤¤.#
####....#¤¤¤¤¤¤¤¤¤¤.#
#....#¤¤¤¤¤¤¤¤¤¤.#
######¤¤¤¤¤¤¤¤¤¤.#
##############¤¤@¤########
............##¤¤¤¤¤..#
##############¤¤¤¤##.#
#¤¤¤¤¤¤¤..#
######¤######..#
#...¤¤¤#....#..#
#.###¤.#....#..# #.#
##.#....#..# #######.#
#.#....#..#


There were no monsters in sight!

Vanquished Creatures
  A dart slug (D:1)
  An endoplasm (D:1)
  2 giant cockroaches (D:1)
  2 goblins (D:1)
  2 quokkas (D:1)
  A ball python (D:1)
  3 kobolds (D:1)
  3 rats (D:1)
15 creatures vanquished.

Notes
Turn   | Place    | Note
-------+----------+-------------------------------------------
     0 | D:1      | qw the Deep Elf Hunter began the quest for the Orb.
     0 | D:1      | Reached XP level 1. HP: 12/12 MP: 3/3
     0 | D:1      | 0 ||| qw: Version: 0.3-a-9-g12657ce
     0 | D:1      | 0 ||| qw: Game counter: 3738
     0 | D:1      | 0 ||| qw: Always use a shield: true
     0 | D:1      | 0 ||| qw: God list: Okawaru
     0 | D:1      | 0 ||| qw: Allow faded altars: false
     0 | D:1      | 0 ||| qw: Do Orc after D:15 true
     0 | D:1      | 0 ||| qw: Do second Lair branch before Depths: true
     0 | D:1      | 0 ||| qw: Lair rune preference: random
     0 | D:1      | 0 ||| qw: Plans: Normal
     0 | D:1      | 0 ||| PLANNING D:1-11
   346 | D:1      | Reached skill level 6 in Ranged Weapons
   346 | D:1      | Reached XP level 2. HP: 16/16 MP: 4/4
   714 | D:1      | 714 ||| UPGRADING to +5 ring of evasion.
   715 | D:1      | 715 ||| READING scroll labelled XAGIHA VEIXEJ.
   718 | D:1      | 718 ||| READING 2 scrolls labelled EFFOKKAINO.
   719 | D:1      | 719 ||| READING scroll labelled SOBUHE CE HUC.
   720 | D:1      | 720 ||| READING scroll labelled BEQOOXKIWI.
   721 | D:1      | 721 ||| READING scroll labelled BAHOIFUYB.
   722 | D:1      | 722 ||| DROPPING scroll of butterflies.
   723 | D:1      | HP: 3/16 [poisoned by you (poison gas)]
   724 | D:1      | 724 ||| Stepping ~*~*~tactically~*~*~ (cloud).
   724 | D:1      | Succumbed to their own poison gas

Levels and vault maps discovered:
D:1:      dpeg_arrival_rooms_with_view, layout_basic, nrook_mini_vaults

Skill      XL: |  1 |
---------------+----+-----
Ranged Weapons | 6 |  6.3
Fighting       | |  1.5
Dodging        | |  2.4
Stealth        | |  1.2

Action                     || total
---------------------------++-------
   Fire: Shortbow          ||    33
    Use: Scroll            ||     5
 Armour: Leather armour    ||     2
  Dodge: Dodged            ||     3

Table legend:
 A = Non-vault XP
 B = Vault XP
 C = Vault XP percentage of total XP
 D = Non-vault monster count
 E = Vault monster count
 F = Vault count percentage of total count
                 A         B        C        D         E       F
            +---------+---------+-------+---------+---------+-------
      Total |      22 |       4 |  15.4 |      13 |       2 |  13.3
            +---------+---------+-------+---------+---------+-------
        D:1 |      22 |       4 |  15.4 |      13 |       2 |  13.3
            +---------+---------+-------+---------+---------+-------
